[Event "Early-Titled-Tuesday-Blitz-October-24-2023"]
[Site "Chess.com"]
[Date "2023.10.24"]
[Round "6"]
[White "fen_fire"]
[Black "Artemiki"]
[Result "0-1"]
[WhiteElo "2532"]
[BlackElo "2353"]
[TimeControl "180+1"]
[EndTime "9:05:23 PDT"]
[Termination "Artemiki won by checkmate"]

1. b3 Nf6 2. Bb2 e6 3. g3 d5 4. Bg2 Be7 5. Nf3 O-O 6. O-O c5 7. e3 Nc6 8. a3 Qc7 9. c4 Rd8 10. cxd5 Nxd5 11. Qe2 Bf6 12. Bxf6 Nxf6 13. Nc3 e5 14. d3 Bf5 15. Rfd1 Rd7 16. Rac1 Rad8 17. Ne1 Be6 18. Qb2 Qb6 19. b4 cxb4 20. Na4 Qa5 21. Nc5 bxa3 22. Qa1 Re7 23. Rc3 a2 24. Nxe6 Rxe6 25. Rd2 Nb4 26. Nc2 Nbd5 27. Ra3 Qxd2 28.
Rxa2 Qc3 29. Qb1 Rb6 30. Qd1 Nb4 31. Nxb4 Qxb4 32. Ra1 Qb3 33. Qf1 Qxd3 34. Qe1 Rbd6 35. h3 Qd1 36. Kh2 Qxe1 37. Rxe1 Rd1 38. Re2 R8d2 39.
Rxd2 Rxd2 40. Bxb7 a5 41. Kg1 a4 42. g4 a3 43. g5 a2 44. gxf6 a1=Q+ 45. Kg2 gxf6 46. Be4 Qe1 47. Kg3 Qxf2+ 48. Kg4 Qxe3 49. Bf3 Qg5# 0-1

[Event "Early-Titled-Tuesday-Blitz-October-24-2023"]
[Site "Chess.com"]
[Date "2023.10.24"]
[Round "6"]
[White "RandomNoob04"]
[Black "MidnightFox"]
[Result "1-0"]
[WhiteElo "2629"]
[BlackElo "2494"]
[TimeControl "180+1"]
[EndTime "9:05:24 PDT"]
[Termination "RandomNoob04 won by resignation"]

1. e4 c5 2. d4 cxd4 3. c3 d3 4. Bxd3 d6 5. Nf3 Nf6 6. h3 a6 7. O-O e6 8. c4 b6 9. Nc3 Nbd7 10. Bf4 Qc7 11. Re1 Ne5 12. Rc1 Be7 13. Be2 O-O 14. Qd4 Nfd7 15. Red1 Bb7 16. Bxe5 Nxe5 17. Nxe5 dxe5 18.
Qd7 Rac8 19. Na4 Bc5 20. Nxc5 bxc5 21. Qxc7 Rxc7 22. f3 Rb8 23. Rd6 Kf8 24. Rcd1 Ke7 25. Rb6 Rd8 26. Rxd8 Kxd8 27. Rd6+ Ke7 28. Rd2 Rd7 29.
Rxd7+ Kxd7 30. Kf2 Bc6 31. Ke3 Kd6 32. a3 a5 33. b3 f5 34. Bd3 g6 35. Kd2 Bd7 36.
Kc3 Kc6 37. b4 axb4+ 38. axb4 cxb4+ 39. Kxb4 Kb6 40. c5+ Kc7 41. Bb5 Bc8 42. Be8 Bb7 43. Kb5 fxe4 44. fxe4 Bxe4 45. g3 Bd3+ 46. Kb4 e4 47.
Kc3 e5 48. h4 Ba6 49. Kd2 Bb7 50. Ke3 Bd5 51. g4 Bb7 52. Bf7 Kc6 53. Kxe4 Kxc5+ 54. Kxe5 Bf3 55. g5 Kc6 56. Bg8 Kd7 57. Bxh7 Bh5 58.
Kf6 Bd1 59. Bxg6 Kd6 60. h5 1-0

[Event "Early-Titled-Tuesday-Blitz-October-24-2023"]
[Site "Chess.com"]
[Date "2023.10.24"]
[Round "6"]
[White "ellatambien"]
[Black "oggy1984"]
[Result "1-0"]
[WhiteElo "2618"]
[BlackElo "2445"]
[TimeControl "180+1"]
[EndTime "9:05:24 PDT"]
[Termination "ellatambien won on time"]

1. c4 c6 2. d4 d5 3. cxd5 cxd5 4. Bf4 Nf6 5. e3 Nc6 6. Nc3 a6 7. Qb3 Na5 8. Qc2 Bg4 9. h3 Bh5 10. Qa4+ b5 11. Bxb5+ axb5 12. Nxb5 e5 13. Bxe5 Ke7 14. Nc7 Ra7 15. Rc1 Ne4 16. g4 f6 17. Bh2 Bg6 18.
Ne2 Kf7 19. b4 Bd6 20. Bxd6 Qxd6 21. Nb5 Qd7 22. bxa5 Rb8 23. Nbc3 Nxc3 24. Nxc3 Qxa4 25. Nxa4 Rxa5 26. Nc3 Bd3 27. Kd2 Bc4 28. Rb1 Rxb1 29. Rxb1 Kg6 30. Rb2 Ra3 31. f3 h5 32. e4 dxe4 33. fxe4 hxg4 34. hxg4 Kg5 35. d5 Kxg4 36. Rc2 g5 37. Ke3 f5 38. d6 Bxa2 39. d7 Ra8 40. Rxa2 f4+ 41. Kd4 Rd8 42. Ra7 Kf3 43. e5 g4 44. e6 g3 45. e7 g2 46.
exd8=Q g1=Q+ 47. Kc4 Qxa7 48. Qc8 Qa6+ 49. Qxa6 1-0

[Event "Early-Titled-Tuesday-Blitz-October-24-2023"]
[Site "Chess.com"]
[Date "2023.10.24"]
[Round "6"]
[White "masterofpuppets2"]
[Black "OhanyanEminChess"]
[Result "0-1"]
[WhiteElo "2551"]
[BlackElo "2822"]
[TimeControl "180+1"]
[EndTime "9:05:25 PDT"]
[Termination "OhanyanEminChess won on time"]

1. d4 d5 2. c4 c6 3. Nf3 Nf6 4. Nc3 e6 5. e3 Nbd7 6. Qc2 Bd6 7.
b3 O-O 8. Be2 b6 9. O-O Bb7 10.
Bb2 Re8 11. Rad1 Rc8 12. e4 dxe4 13. Nxe4 Nxe4 14. Qxe4 Nf6 15. Qh4 Nd7 16. Qe4 Nf6 17. Qh4 h6 18. Bd3 Be7 19. Ne5 Qc7 20. c5 Nd7 21. Qe4 f5 22. Qf4 Nxe5 23. dxe5 Bxc5 24. Qc4 Kh8 25. b4 Bf8 26. Be2 c5 27. b5 Bd5 28.
Qh4 c4 29. Bc3 Bc5 30. Bh5 Qe7 31. Qh3 Red8 32. Kh1 Bb4 33. Bd4 c3 34. Rc1 c2 35.
Be3 Ba3 36. Bg6 Bxc1 37. Rxc1 Kg8 38. Qg3 Be4 39. h4 Rd1+ 40. Kh2 Qa3 41. Bxh6 Qxg3+ 0-1

[Event "Early-Titled-Tuesday-Blitz-October-24-2023"]
[Site "Chess.com"]
[Date "2023.10.24"]
[Round "6"]
[White "itsdsyr"]
[Black "mbachez"]
[Result "0-1"]
[WhiteElo "2288"]
[BlackElo "2466"]
[TimeControl "180+1"]
[EndTime "9:05:25 PDT"]
[Termination "mbachez won by resignation"]

1. d4 Nf6 2. c4 e6 3. Nf3 d5 4.
Nc3 c6 5. cxd5 exd5 6. Bg5 Nbd7 7. e3 h6 8. Bh4 g5 9. Bg3 Nh5 10.
Bd3 Nxg3 11. hxg3 Bg7 12. Qc2 Nb6 13. Rd1 Be6 14. b3 Qe7 15. O-O O-O 16. e4 dxe4 17.
Nxe4 Nd5 18. Bc4 Bf5 19. Rfe1 Rfe8 20. Ne5 f6 21. g4 Bxe4 22. Qxe4 fxe5 23. Bxd5+ cxd5 24.
Qxd5+ Qf7 25. Qb5 exd4 26. Rf1 Re4 27. Rd3 Rae8 28. Rf3 Qe6 29. Qxb7 Rxg4 30. Qxa7 d3 31. Rd1 Rxg2+ 32. Kxg2 Qg4+ 33. Rg3 Qxd1 34. Qd7 Qe2 35. Qd5+ Kh8 36. Rxd3 Qxa2 37. Qf7 Qa8+ 38. f3 Rf8 39. Qd5 Qxd5 40. Rxd5 Rb8 41. Rd3 Kg8 42. Kg3 Rb4 43.
Kf2 Kf7 44. Ke2 h5 45. Kd2 h4 46. Kc2 h3 47. Rd2 Be5 48. Rd1 h2 49. Rh1 Rh4 50. Kd3 Bf4 51. b4 Rh8 52. b5 Rb8 53.
Kc4 Ke6 54. Rd1 Bd6 55. Rh1 Ke5 56. Rd1 Rc8+ 57. Kb3 Kf4 58. Ka4 Kxf3 59. Ka5 Bc5 60. Ka6 Bg1 0-1

[Event "Early-Titled-Tuesday-Blitz-October-24-2023"]
[Site "Chess.com"]
[Date "2023.10.24"]
[Round "6"]
[White "the_chess_child"]
[Black "Korchmar_Vasiliy"]
[Result "1-0"]
[WhiteElo "2952"]
[BlackElo "2767"]
[TimeControl "180+1"]
[EndTime "9:05:26 PDT"]
[Termination "the_chess_child won on time"]

1. e4 c5 2. Nf3 d6 3. d3 Nc6 4.
g3 g6 5. Bg2 Bg7 6. O-O e5 7. Nc3 Nge7 8. Nd2 O-O 9. Nc4 f5 10.
f4 Be6 11. Nd5 Kh8 12. c3 Qd7 13. a4 Rae8 14. a5 Nd8 15. Qa4 Qxa4 16. Rxa4 Nxd5 17. exd5 Bd7 18. Ra1 Nf7 19. fxe5 Bxe5 20. Bd2 Bb5 21. Rae1 Bxc4 22. dxc4 Kg7 23. b4 cxb4 24. cxb4 Bd4+ 25. Kh1 Ne5 26. Rf4 Bb2 27. Rb1 g5 28. Rff1 Bd4 29.
c5 Nd3 30. c6 bxc6 31. dxc6 Re2 32. Bxg5 Nf2+ 33. Rxf2 Rxf2 34. b5 Re8 35. Bf1 Rc2 36. Bf4 Be5 37. Bxe5+ Rxe5 38. Bd3 Rc3 39. Bf1 Rc2 40.
b6 axb6 41. axb6 Re8 42. c7 d5 43. Bd3 Rc3 44. Bxf5 1-0

[Event "Early-Titled-Tuesday-Blitz-October-24-2023"]
[Site "Chess.com"]
[Date "2023.10.24"]
[Round "6"]
[White "Keeper0416"]
[Black "hansen"]
[Result "0-1"]
[WhiteElo "2582"]
[BlackElo "2933"]
[TimeControl "180+1"]
[EndTime "9:05:27 PDT"]
[Termination "hansen won by resignation"]

1. d4 Nf6 2. c4 e6 3. g3 Bb4+ 4. Bd2 Be7 5. Bg2 d5 6. Qc2 O-O 7. Nf3 Nbd7 8. Bf4 c6 9. h4 b6 10. Nc3 Ba6 11. e4 dxc4 12. e5 Nd5 13. Ng5 g6 14.
Nce4 Nb4 15. Qa4 Nd3+ 16. Kf1 Bb5 17. Qc2 c3 18. Kg1 cxb2 19. Rd1 c5 20. Rxd3 Bxd3 21. Qxd3 cxd4 22. Kh2 Rc8 23. Rb1 Nc5 24. Nxc5 bxc5 25. Rxb2 c4 26. Qe4 c3 27. Rb1 c2 28. Rc1 d3 29.
Bd2 Bxg5 30. hxg5 Qd7 31. Bf3 Rfd8 32. Kg2 Qe7 33. Rh1 h5 34. gxh6 Kh7 35. Rc1 Rd7 36. Qf4 Qa3 37. Be4 Qe7 38. Rh1 Rcd8 39. Rc1 Rc8 40.
Qe3 Qc5 41. Qf4 Qd4 42. Bf3 Qxf4 43. gxf4 Rb8 44. Be4 Rb1 45. Kf3 Rxc1 46. Bxc1 d2 47. Bxd2 Rxd2 0-1

[Event "Early-Titled-Tuesday-Blitz-October-24-2023"]
[Site "Chess.com"]
[Date "2023.10.24"]
[Round "6"]
[White "Actuary44"]
[Black "KorolDimitriy75"]
[Result "0-1"]
[WhiteElo "2489"]
[BlackElo "2347"]
[TimeControl "180+1"]
[EndTime "9:05:27 PDT"]
[Termination "KorolDimitriy75 won on time"]

1. e4 c5 2. d4 cxd4 3. c3 d5 4. exd5 Qxd5 5. cxd4 Nc6 6. Nf3 e5 7. Nc3 Bb4 8. Be2 exd4 9. O-O Qd8 10. Nb5 Nge7 11.
Bf4 O-O 12. Nbxd4 Qb6 13. a3 Nxd4 14. Nxd4 Bc5 15. Nb3 Ng6 16. Bg3 Rd8 17. Qc2 Bd6 18.
Rac1 Be6 19. Nd2 Rac8 20. Bc4 Bxg3 21. hxg3 Ne5 22. b3 Nxc4 23. Nxc4 Qa6 24. Qb2 Bxc4 25.
bxc4 b6 26. Qb4 h6 27. Rfe1 Qb7 28. Re7 Rc7 29. Rce1 Rdc8 30. Re8+ Kh7 31. Qb1+ g6 32. Rxc8 Qxc8 33. Qd3 Rxc4 34. Re7 Rc7 35. Qd6 Rxe7 36.
Qxe7 Qe6 37. Qxa7 Kg7 38. Kf1 Qc4+ 39. Ke1 Qc5 40. Qa4 Qc3+ 41. Ke2 Qb2+ 42. Ke3 Qe5+ 43. Qe4 Qc5+ 44. Qd4+ Kf8 0-1

[Event "Early-Titled-Tuesday-Blitz-October-24-2023"]
[Site "Chess.com"]
[Date "2023.10.24"]
[Round "6"]
[White "twofoxniel"]
[Black "SergioMoralesG"]
[Result "1-0"]
[WhiteElo "2587"]
[BlackElo "2398"]
[TimeControl "180+1"]
[EndTime "9:05:28 PDT"]
[Termination "twofoxniel won on time"]

1. e4 c5 2. c3 Nf6 3. e5 Nd5 4. d4 cxd4 5. Nf3 e6 6. cxd4 Nc6 7. Bc4 d6 8. O-O Be7 9. Qe2 O-O 10. Rd1 Na5 11.
Bxd5 exd5 12. Nc3 Be6 13. Bf4 a6 14. h3 Rc8 15. Rac1 h6 16. Na4 Rxc1 17. Rxc1 Nc4 18. b3 dxe5 19. Nxe5 Nxe5 20. Bxe5 Bd6 21. Bxd6 Qxd6 22.
Nc5 Rc8 23. Re1 Re8 24. Qd2 Qb6 25. Re3 Qb5 26. Rg3 Kh8 27. a4 Qc6 28. Qf4 a5 29.
Qe5 f6 30. Qh5 b6 31. Qg6 Re7 32. Nd3 Qe8 33. Qxe8+ Rxe8 34. Nf4 Bf7 35. Re3 Rxe3 36. fxe3 g5 37. Ne2 Kg7 38. Kf2 Kf8 39. Nc1 Bg6 40.
Ke2 Ke7 41. g3 Kd6 42. Kd2 h5 43. h4 Be4 44. Kc3 Kc6 45. b4 axb4+ 46. Kxb4 Bc2 47. Na2 Be4 48. Nc3 Bd3 49. Kb3 Bf1 50. Kb4 Bd3 51. a5 bxa5+ 52. Kxa5 Bc4 53. Na4 Be2 54. Nc3 Bd3 55. Na2 Bc4 56. Nb4+ Kd6 57. Kb6 Be2 58. Na2 Bc4 59. Nc3 Bd3 60. Nb5+ Bxb5 61. Kxb5 g4 62. Kb6 Ke6 63. Kc5 f5 64. Kc6 1-0

[Event "Early-Titled-Tuesday-Blitz-October-24-2023"]
[Site "Chess.com"]
[Date "2023.10.24"]
[Round "6"]
[White "GeorgiosSouleidis"]
[Black "Mr_ruthless"]
[Result "0-1"]
[WhiteElo "2606"]
[BlackElo "2484"]
[TimeControl "180+1"]
[EndTime "9:05:29 PDT"]
[Termination "Mr_ruthless won on time"]

1. e4 c5 2. Be2 Nc6 3. d3 g6 4. f4 Bg7 5. Nf3 e6 6. O-O Nge7 7. c3 d5 8. Na3 O-O 9. Nc2 b5 10. e5 a5 11. d4 c4 12. g4 b4 13. Ne3 a4 14. a3 bxc3 15. bxc3 Na5 16. Ra2 Nb3 17.
Bd2 f5 18. exf6 Bxf6 19. Be1 Qa5 20. Rc2 Bd7 21. Bg3 Nc6 22. Ne5 Nxe5 23. fxe5 Be7 24. h4 Bxa3 25. Bxc4 Be7 26. Bd3 a3 27. Rxf8+ Bxf8 28. Ra2 Qxc3 29. Be1 Qxd4 30. Qxb3 Qxe3+ 31. Bf2 Qxe5 32.
Qb7 Rd8 33. h5 Bd6 34. hxg6 hxg6 35. Bxg6 Qh2+ 36. Kf1 Qh1+ 37. Ke2 Qh6 38. Bd3 Qf4 39. Qb6 Qxg4+ 40. Ke1 Qb4+ 41. Qxb4 Bxb4+ 42. Ke2 Ba4 0-1

[Event "Early-Titled-Tuesday-Blitz-October-24-2023"]
[Site "Chess.com"]
[Date "2023.10.24"]
[Round "6"]
[White "VOneChess"]
[Black "vishwa_vijeta"]
[Result "1-0"]
[WhiteElo "2302"]
[BlackElo "2520"]
[TimeControl "180+1"]
[EndTime "9:05:30 PDT"]
[Termination "VOneChess won on time"]

1. e4 c5 2. Nf3 d6 3. d4 cxd4 4. Nxd4 Nc6 5. Nc3 g6 6. Bc4 Bg7 7. Be3 Nf6 8. f3 Bd7 9. Qd2 O-O 10. h4 h5 11. O-O-O Rc8 12. Bb3 Ne5 13. Bh6 Nc4 14. Bxc4 Rxc4 15. Bxg7 Kxg7 16. g4 hxg4 17. h5 Rh8 18. hxg6 fxg6 19. f4 Rxh1 20. Rxh1 Qb6 21. Nb3 Nxe4 22. Nxe4 Rxe4 23. Qh2 Qe3+ 24. Kb1 Qh3 25. Qg1 Qf3 26. Nd2 Qxf4 27. Nxe4 Qxe4 28. Qh2 Bf5 29. Qh8+ Kf7 30. Rh7+ Ke6 31. Qc8+ Kd5 32. Qxb7+ Kd4 33. Qxa7+ Kd5 34. Qb7+ Kd4 35. Qb4+ Ke3 36. Qe1+ Kf4 37. Qxe4+ Bxe4 38. Kc1 1-0

[Event "Early-Titled-Tuesday-Blitz-October-24-2023"]
[Site "Chess.com"]
[Date "2023.10.24"]
[Round "6"]
[White "lefonghua"]
[Black "artin10862"]
[Result "1-0"]
[WhiteElo "2688"]
[BlackElo "2864"]
[TimeControl "180+1"]
[EndTime "9:05:35 PDT"]
[Termination "lefonghua won by resignation"]

1. d4 Nf6 2. c4 e6 3. Nc3 Bb4 4.
f3 d5 5. a3 Be7 6. e4 dxe4 7. fxe4 e5 8. d5 Bc5 9. Nf3 Ng4 10. b4 Bf2+ 11. Ke2 c5 12. h3 Bd4 13.
Qc2 Nf2 14. Nxd4 Nxh1 15. Nf3 Ng3+ 16. Kf2 Nxf1 17. Kxf1 Nd7 18. Be3 Qe7 19. Nb5 O-O 20. bxc5 a6 21. d6 Qd8 22. Nc7 Rb8 23. a4 Nf6 24. a5 Bd7 25. Kg1 Bc6 26. Nd5 Nd7 27.
Qc3 f6 28. Qb4 Re8 29. Rb1 Nf8 30. Nh4 Ne6 31. Nf5 Qd7 32. Nfe7+ Kh8 33. Nb6 Qd8 34. Ned5 Rf8 35. Qe1 Qe8 36. Qg3 Qg6 37. Qxg6 hxg6 38. Rd1 g5 39. g4 Nf4 40. Bxf4 gxf4 41. Kf2 Kh7 42. Kf3 Kg6 43. Ne7+ Kf7 44. Nxc6 bxc6 45. h4 Ke6 46. d7 Rfd8 47. Rd6+ Ke7 48. Rxc6 Rxd7 49. Nxd7 Kxd7 50. Rxa6 Rb3+ 51. Kf2 Re3 52. Ra7+ Kc6 53. Rxg7 Rxe4 54. h5 Rxc4 55. h6 Rc2+ 56. Kf1 Rh2 57. h7 e4 58. a6 e3 59. a7 e2+ 60. Ke1 Kxc5 61. a8=Q Kd4 62. Re7 f3 63. Qd8+ 1-0

[Event "Early-Titled-Tuesday-Blitz-October-24-2023"]
[Site "Chess.com"]
[Date "2023.10.24"]
[Round "6"]
[White "JiaHaoxiang"]
[Black "Thunderbolt135"]
[Result "1-0"]
[WhiteElo "2617"]
[BlackElo "2719"]
[TimeControl "180+1"]
[EndTime "9:05:35 PDT"]
[Termination "JiaHaoxiang won by resignation"]

1. d4 g6 2. Nf3 Bg7 3. Bf4 d6 4. e3 Nc6 5. h3 e5 6. dxe5 dxe5 7.
Qxd8+ Kxd8 8. Bg5+ f6 9. Bh4 Nge7 10. e4 Be6 11. c3 Ke8 12. Nbd2 Kf7 13. Bc4 a5 14.
Ke2 Rhd8 15. Rhd1 Bh6 16. Bxe6+ Kxe6 17. a4 Bf4 18. Nc4 b6 19. Rxd8 Rxd8 20. Rd1 Rxd1 21. Kxd1 h5 22. Ne1 g5 23. Bg3 Bxg3 24. fxg3 f5 25. exf5+ Nxf5 26. g4 hxg4 27. hxg4 Nh6 28. Nf3 Kf6 29. Ne3 e4 30. Nd2 Ke5 31. g3 Ne7 32.
Ke2 Neg8 33. Nec4+ Kd5 34. Ne3+ Ke5 35. Nec4+ Kd5 36.
b4 axb4 37. cxb4 Nxg4 38. a5 bxa5 39. bxa5 N8f6 40. a6 Kc6 41. Nb3 Nd5 42. Nba5+ Kc5 43. a7 Nc3+ 44. Ke1 Kd4 45. a8=Q e3 46. Qd8+ Nd5 47. Qxg5 Nf2 48. Qe5+ Kc5 49. Ke2 Ng4 50. Qf5 Nf6 51. Nxe3 Kd4 52. Nxd5 Nxd5 53. Qd3+ Ke5 54. Nc4+ Ke6 55. Qe4+ 1-0

[Event "Early-Titled-Tuesday-Blitz-October-24-2023"]
[Site "Chess.com"]
[Date "2023.10.24"]
[Round "6"]
[White "FREDERICKtheMATE"]
[Black "Chessbard1972"]
[Result "1-0"]
[WhiteElo "2593"]
[BlackElo "2354"]
[TimeControl "180+1"]
[EndTime "9:05:35 PDT"]
[Termination "FREDERICKtheMATE won on time"]

1. Nf3 Nf6 2. c4 g6 3. d4 Bg7 4. Nc3 O-O 5. e4 d6 6. Be2 Na6 7. h3 c5 8. d5 e6 9. Be3 Re8 10. Nd2 Nc7 11. a4 b6 12. g4 exd5 13. cxd5 Ba6 14.
Bxa6 Nxa6 15. f3 Nb4 16. Nc4 a6 17. Kf2 Rb8 18. Bf4 Bf8 19. h4 b5 20. Ne3 h5 21.
Rg1 c4 22. Bg5 Nd3+ 23. Ke2 hxg4 24. Nxg4 Be7 25. Nxf6+ Bxf6 26. Qd2 b4 27. Nd1 Bxg5 28. Rxg5 Qf6 29. Ne3 Ne5 30. Rf1 c3 31. Qc2 b3 32.
Qxc3 Rec8 33. Qd4 Re8 34. f4 Nd7 35. e5 Qg7 36. Ng4 a5 37. h5 Rb4 38. Qe3 dxe5 39. hxg6 fxg6 40. fxe5 Rxg4 41. Rxg4 Nxe5 42. Re4 Qh8 43. Rf2 Qh5+ 44. Ke1 Kg7 45. d6 Qh1+ 46.
Rf1 Qh5 47. d7 Rd8 48. Rxe5 1-0

[Event "Early-Titled-Tuesday-Blitz-October-24-2023"]
[Site "Chess.com"]
[Date "2023.10.24"]
[Round "6"]
[White "ketster"]
[Black "Treasurechess777"]
[Result "1-0"]
[WhiteElo "2507"]
[BlackElo "2330"]
[TimeControl "180+1"]
[EndTime "9:05:38 PDT"]
[Termination "ketster won by checkmate"]

1. Nf3 Nf6 2. c4 c5 3. g3 b6 4.
Bg2 Bb7 5. O-O e6 6. Nc3 a6 7. d4 cxd4 8. Qxd4 d6 9. e4 Nbd7 10. b4 Qc7 11. Bb2 Rc8 12. Nd2 Ne5 13.
Rac1 Nc6 14. Qe3 Nxb4 15. Nd5 exd5 16. cxd5 Qd7 17. a3 Rxc1 18. Rxc1 Na2 19. Ra1 Be7 20. Qxb6 O-O 21. Rxa2 Rc8 22. Qb3 a5 23. Ra1 Ba6 24. Qb6 Bd3 25. Qd4 Ba6 26. Rc1 Rb8 27. Bc3 Qb5 28. h4 Bd8 29. e5 Bb6 30. Qf4 Nh5 31.
Qg5 g6 32. e6 Qd3 33. Bf1 Qxg3+ 34. Qxg3 Nxg3 35. Bxa6 fxe6 36. dxe6 Nf5 37. Bc4 Kf8 38. Bd5 Ke7 39. Ne4 Nxh4 40. Bf6+ Ke8 41. Bxh4 Bc5 42. Nxc5 dxc5 43. Rxc5 Rb1+ 44. Kg2 Rb8 45. Rc7 h6 46. Rh7 g5 47. Bg3 Rd8 48. Bc6+ Kf8 49. e7+ Kg8 50. exd8=Q+ Kxh7 51.
Qe7+ Kg6 52. Be4+ Kh5 53. Qf7+ Kg4 54. Qf5+ Kh5 55. Bf3# 1-0

[Event "Early-Titled-Tuesday-Blitz-October-24-2023"]
[Site "Chess.com"]
[Date "2023.10.24"]
[Round "6"]
[White "N4700000"]
[Black "BardArtem"]
[Result "1-0"]
[WhiteElo "2551"]
[BlackElo "2680"]
[TimeControl "180+1"]
[EndTime "9:05:39 PDT"]
[Termination "N4700000 won on time"]

1. e4 e5 2. Nf3 Nc6 3. Bc4 Bc5 4.
c3 Nf6 5. d4 exd4 6. cxd4 Bb4+ 7. Nbd2 Nxe4 8. d5 Nxd2 9. Bxd2 Bxd2+ 10. Qxd2 Ne7 11. h4 d6 12. h5 h6 13. O-O-O O-O 14.
Nd4 Nf5 15. Ne2 Qg5 16. f4 Qe7 17. Rde1 Qe3 18. g4 Qxd2+ 19. Kxd2 Ne7 20. g5 Kh8 21. Nd4 Nf5 22. Nb5 Bd7 23. b3 Bxb5 24. Bxb5 Nd4 25. Be2 Rae8 26. Bg4 f5 27. gxf6 gxf6 28. Kd3 c5 29. dxc6 Nxc6 30. Bd7 Rxe1 31. Rxe1 Kg8 32. Bxc6 bxc6 33. Re6 Kf7 34. Rxd6 Rc8 35. Rd7+ Ke6 36. Rxa7 Kf5 37. Rh7 Kxf4 38. Rxh6 Rf8 39. Rg6 c5 40. h6 f5 41. h7 Rh8 42. Rg7 Kf3 43. a4 f4 44. a5 Kf2 45. Ke4 f3 46. Rf7 Ke2 47. Rxf3 Rxh7 48. Rc3 Rc7 49. Kd5 Kd2 50. Rxc5 Rb7 51.
Kc4 Ke3 52. b4 Ke4 53. b5 Rd7 54. b6 Rd1 55. Kb5 1-0

[Event "Early-Titled-Tuesday-Blitz-October-24-2023"]
[Site "Chess.com"]
[Date "2023.10.24"]
[Round "6"]
[White "FlemingA"]
[Black "JuniorJumper"]
[Result "0-1"]
[WhiteElo "2447"]
[BlackElo "2620"]
[TimeControl "180+1"]
[EndTime "9:05:39 PDT"]
[Termination "JuniorJumper won by resignation"]

1. e4 e5 2. Nf3 Nc6 3. c3 Nf6 4. d4 exd4 5. e5 Nd5 6. Bc4 Nb6 7. Bb3 d5 8. cxd4 Bg4 9. Be3 Nc4 10. O-O Nxb2 11. Qc2 Nc4 12. Bxc4 dxc4 13. Nbd2 b5 14. a4 Nb4 15. Qe4 Bxf3 16. Nxf3 c6 17. axb5 cxb5 18. Rfb1 a6 19. Bg5 Qc8 20. d5 Bc5 21. Bh4 h6 22.
Rd1 O-O 23. d6 Nd3 24. Nd4 Bxd4 25. Qxd4 Qc5 26. Rxd3 Qxd4 27. Rxd4 g5 28. Bg3 a5 29. f4 a4 30. fxg5 hxg5 31. h4 a3 32. hxg5 Ra7 33. g6 Rfa8 34. gxf7+ Kxf7 35. Bh4 Ke6 36. Re1 a2 37.
Rf4 a1=Q 38. Rf6+ Kd5 39. Rxa1 Rxa1+ 40. Kh2 Rh8 41. g3 c3 42. d7 c2 43. Rd6+ Ke4 44.
d8=Q Rxd8 45. Rc6 Rd2+ 46. Kh3 c1=Q 47. Rxc1 Rxc1 48. Bg5 Rh1+ 49. Kg4 Rd5 0-1

[Event "Early-Titled-Tuesday-Blitz-October-24-2023"]
[Site "Chess.com"]
[Date "2023.10.24"]
[Round "6"]
[White "Firouzja2003"]
[Black "MatthewG-p4p"]
[Result "0-1"]
[WhiteElo "3073"]
[BlackElo "2822"]
[TimeControl "180+1"]
[EndTime "9:05:40 PDT"]
[Termination "MatthewG-p4p won on time"]

1. d4 Nf6 2. c4 c5 3. d5 e6 4. Nc3 exd5 5. cxd5 d6 6. e4 g6 7. f4 Bg7 8. Nf3 O-O 9. Bd3 Bg4 10. h3 Bxf3 11. Qxf3 Nbd7 12. O-O a6 13. a4 Rb8 14. g4 Qc7 15. Ne2 c4 16. Bc2 Rfe8 17. Ng3 Nc5 18. g5 Nfd7 19. h4 b5 20. axb5 axb5 21.
h5 b4 22. hxg6 hxg6 23. Rb1 b3 24. Bd1 Nd3 25. Be2 N7c5 26. f5 Bd4+ 27. Kg2 Qe7 28.
f6 Qe5 29. Bf4 Nxf4+ 30. Qxf4 Qxf4 31. Rxf4 Be3 32. Rg4 Re5 33. Bxc4 Bxg5 34. Rf1 Rb4 35. Nf5 Rxc4 36. Rxg5 Rc2+ 37. Kf3 Rh2 38. Ne7+ Kf8 39. Rxe5 dxe5 40. Ra1 Ke8 41. Ra8+ Kd7 42. Ra7+ Ke8 43. Nc6 Rxb2 44. Re7+ Kf8 0-1

[Event "Early-Titled-Tuesday-Blitz-October-24-2023"]
[Site "Chess.com"]
[Date "2023.10.24"]
[Round "6"]
[White "Apocalyps999"]
[Black "Masterbeaterr"]
[Result "0-1"]
[WhiteElo "2291"]
[BlackElo "2435"]
[TimeControl "180+1"]
[EndTime "9:05:40 PDT"]
[Termination "Masterbeaterr won by resignation"]

1. e4 e5 2. Nf3 Nc6 3. Bb5 a6 4. Ba4 Nf6 5. O-O Nxe4 6. d4 b5 7. Bb3 d5 8. dxe5 Be6 9. Nbd2 Nc5 10. c3 Be7 11. Bc2 Bg4 12. h3 Bh5 13. Qe1 Qd7 14.
Nd4 Bg6 15. N2f3 Bxc2 16. Nxc2 O-O 17. Ncd4 Ne4 18. Nxc6 Qxc6 19. Nd4 Qd7 20. f3 Nc5 21.
Qg3 Kh8 22. Be3 f6 23. exf6 Bxf6 24. Rad1 Rae8 25. Rfe1 Ne6 26. Nxe6 Rxe6 27. Bc5 Rfe8 28. Rxe6 Qxe6 29. Rd2 Be5 30. f4 Bf6 31. Qd3 c6 32. Bd4 Qe1+ 33. Kh2 Qe6 34. Rf2 Bxd4 35. Qxd4 Qe3 36.
Qxe3 Rxe3 37. Rd2 Kg8 38. g3 Kf7 39. Kg2 Kf6 40. Kf2 Re4 41. Kf3 h5 42. h4 Kf5 43.
b4 Rc4 44. Rd3 d4 45. cxd4 Rxb4 46. Rc3 Rxd4 47. Rc5+ Rd5 48. Rxc6 Rd3+ 49. Kf2 Ra3 50. Rc5+ Kf6 51. Rc2 a5 52. Rb2 b4 53. Rc2 Kf5 54.
Rc5+ Kg4 55. Rg5+ Kh3 56. Rxg7 Rxa2+ 57. Kf3 b3 58. Rb7 b2 59. f5 a4 60. f6 Ra3+ 61.
Kf4 Rb3 62. Rxb3 axb3 63. f7 b1=Q 64. f8=Q Qf1+ 65. Kg5 Qxf8 0-1

[Event "Early-Titled-Tuesday-Blitz-October-24-2023"]
[Site "Chess.com"]
[Date "2023.10.24"]
[Round "6"]
[White "wild3000"]
[Black "vladgoncharov"]
[Result "1-0"]
[WhiteElo "2386"]
[BlackElo "2578"]
[TimeControl "180+1"]
[EndTime "9:05:41 PDT"]
[Termination "wild3000 won by resignation"]

1. e4 e6 2. Nf3 d5 3. e5 c5 4. b4 cxb4 5. d4 Nc6 6. a3 b3 7.
cxb3 Nge7 8. Bb2 Nf5 9. Be2 Nh4 10. Nbd2 Nxg2+ 11. Kf1 Nf4 12. Bb5 Bd7 13. h4 a6 14. Be2 Nxe2 15. Kxe2 Ne7 16. a4 Nf5 17. Rc1 Bb4 18. Nf1 O-O 19. Ne3 Nxe3 20. fxe3 f6 21. Qg1 fxe5 22. Nxe5 Rc8 23. Qg4 Rxc1 24. Rxc1 b5 25. Rg1 Qe7 26. a5 Bxa5 27. h5 Rc8 28. h6 Rc2+ 29. Kd1 Rd2+ 30. Kc1 Be8 31. Qxg7+ Qxg7 32. Rxg7+ Kf8 33. Ba3+ b4 34. Kxd2 bxa3+ 35. Kc2 a2 36. Kb2 Bd2 37. Ng4 Bg6 38. Kxa2 Bf5 39.
Nf6 Bxe3 40. Nxh7+ Bxh7 41. Rxh7 Bxd4 42. Rb7 Kg8 43.
h7+ Kh8 44. b4 e5 45. Kb3 e4 46. Kc2 Bg7 47. Ra7 d4 48. Re7 d3+ 49. Kd2 Bh6+ 50.
Kc3 e3 51. Kxd3 Bg5 52. Ra7 Bf4 53. Rxa6 Kxh7 54. b5 Kg8 55. b6 Kf7 56. b7 Ke7 57. Ra8 1-0

[Event "Early-Titled-Tuesday-Blitz-October-24-2023"]
[Site "Chess.com"]
[Date "2023.10.24"]
[Round "6"]
[White "Mariia89"]
[Black "marik_spb"]
[Result "1-0"]
[WhiteElo "2159"]
[BlackElo "2413"]
[TimeControl "180+1"]
[EndTime "9:05:41 PDT"]
[Termination "Mariia89 won on time"]

1. d4 Nf6 2. Nf3 e6 3. Bg5 d5 4.
e3 b6 5. Bd3 a5 6. c3 Ba6 7.
Ne5 Bxd3 8. Qxd3 Be7 9. Nd2 Nfd7 10. Bf4 Nxe5 11. Bxe5 O-O 12. Nf3 Nd7 13. Bg3 c5 14. O-O c4 15. Qc2 f5 16. Ne5 Nxe5 17. Bxe5 Bd6 18.
Rad1 b5 19. f3 Bxe5 20. dxe5 Qb6 21. Qd2 b4 22. Qd4 Rab8 23. e4 fxe4 24. Qxb6 Rxb6 25.
fxe4 dxe4 26. Rd4 bxc3 27. bxc3 e3 28. Rxc4 Rb2 29. Re1 Rff2 30. Rg4 Rfc2 31. c4 Rxa2 32. h4 Re2 33. Rxe2 Rxe2 34. Kf1 Rf2+ 35. Ke1 Rc2 36. Rf4 Rxg2 37. Re4 Kf7 38. Rxe3 Rg4 39. Rc3 Rxh4 40. c5 Ke8 41. c6 Kd8 42. Rc5 Kc7 43.
Rxa5 Kxc6 44. Kf2 Rd4 45. Ra7 1-0